 Dungeon Crawl Stone Soup version 0.20-a0-277-g7db01f4 (webtiles) character file.

613 HarryHood the Cudgeler (level 7, -3/44 HPs)
             Began as a Gargoyle Berserker on Dec 11, 2016.
             Was a Priest of Trog.
             Killed by divine providence
             ... invoked by an orc priest
              (14 damage)
             ... on level 5 of the Dungeon.
             The game lasted 00:18:23 (3372 turns).

HarryHood the Cudgeler (Gargoyle Berserker)         Turns: 3372, Time: 00:18:24

Health: -3/44      AC: 19    Str: 20    XL:     7   Next: 44%
Magic:  7/7        EV:  8    Int: 11    God:    Trog [***...]
Gold:   368        SH:  0    Dex: 11    Spells: 6/6 levels left

rFire  . . .     SeeInvis .     p - +0 flail
rCold  . . .     Gourm    .     l - +0 chain mail
rNeg   + . .     Faith    +     (no shield)
rPois  ∞         Spirit   .     e - +2 helmet
rElec  +         Reflect  .     (no cloak)
rCorr  .         Harm     .     j - +2 pair of gloves
MR     .....                    (no boots)
Stlth  ..........               q - amulet of faith
                                y - ring of flight
                                o - +3 ring of intelligence

@: no status effects
A: negative energy resistance 1, electricity resistance, unbreathing,
petrification resistance, rot immunity, AC +4
a: Berserk, Trog's Hand, Burn Spellbooks, Renounce Religion, Evoke Flight


You were on level 5 of the Dungeon.
You worshipped Trog.
Trog was most pleased with you.
You were not hungry.

You visited 1 branch of the dungeon, and saw 5 of its levels.

You collected 368 gold pieces.

Inventory:

Hand Weapons
 p - a +0 flail (weapon)
Armour
 e - a +2 helmet (worn)
 j - a +2 pair of gloves (worn)
 l - a +0 chain mail (worn)
Jewellery
 o - a +3 ring of intelligence (left hand)
 q - an amulet of faith (around neck)
 y - a ring of flight (right hand)
Scrolls
 f - a scroll of immolation {!r}
 i - a scroll of remove curse
 k - a scroll of enchant armour
 s - a scroll of enchant weapon
 t - a scroll of holy word {unknown}
 v - a scroll of fear
 x - a scroll of recharging
Potions
 d - a potion of haste
 h - a potion of lignification
 r - 3 potions of flight
 z - a potion of curing
 A - a potion of heal wounds {unknown}
Comestibles
 a - a beef jerky
 b - 4 chunks of flesh
 c - 2 bread rations
 g - 5 fruits
 m - 2 slices of pizza
 u - 2 meat rations
 w - a royal jelly


   Skills:
 * Level 5.4 Fighting
 - Level 7.4 Maces & Flails
 - Level 2.1 Armour
 - Level 1.5 Dodging


You had 6 spell levels left.
You didn't know any spells.

Dungeon Overview and Level Annotations

Branches:
Dungeon (5/15)
 Temple: D:4-7

Altars:
Hepliaklqana
Kikubaaqudgha
Nemelex Xobeh
Vehumet


Innate Abilities, Weirdness & Mutations

You are resistant to torment.
Your stone body is resilient. (AC +4)
You are immune to poison.
You resist negative energy. (rN+)
You are resistant to electric shocks. (rElec)
You can survive without breathing.
You are immune to petrification.
You are immune to rotting.


Message History

The phantom is moderately damaged.
The phantom barely misses you.
You sock the phantom!
The phantom is severely damaged.
The phantom blinks!
An orc priest comes into view. It is wielding a mace.
The orc priest shouts!
The phantom hits you but does no damage.
The orc priest begins to cast a cantrip, but forgets the words!
The phantom barely misses you.
The phantom blinks!
The orc priest mumbles some strange prayers to Beogh against you.
Beogh smites you!
* * * LOW HITPOINT WARNING * * *
Some of the chunks of flesh in your inventory have rotted away.
Things that are here:
a dagger; a robe; 2 scrolls of teleportation The orc priest calls down the wrath of Beogh upon you.
Beogh smites you!
You die...

#.# .. #.#
.# ###.##.#
......#
#.#.# #...#
#####
#W..##.##
.....
#.o.....#
#####
##@#.......
#).####..##
##)## ..#
#..# .#
#(## # #(#
##(# #.(#
##.##


You could see a phantom and an orc priest.

Vanquished Creatures
  An ogre (D:4)
  A centaur (D:5)
  A howler monkey (D:5)
  2 hounds (D:4)
  An orc priest (D:5)
  5 orc wizards
  A worker ant (D:4)
  5 adders
  A shadow imp (D:5)
  2 oozes
  A worm (D:5)
  3 dart slugs
  2 leopard geckos
  15 orcs
  8 bats
  6 giant cockroaches
  6 goblins
  10 hobgoblins
  3 jackals (D:2)
  A quokka (D:3)
  A ball python (D:1)
  2 frilled lizards
  4 kobolds
  5 rats
87 creatures vanquished.

Notes
Turn   | Place    | Note
-------+----------+-------------------------------------------
     0 | D:1      | HarryHood the Gargoyle Berserker began the quest for the Orb.
     0 | D:1      | Reached XP level 1. HP: 14/14 MP: 1/1
   408 | D:1      | Reached XP level 2. HP: 19/19 MP: 2/2
   607 | D:1      | Reached skill level 4 in Maces & Flails
   680 | D:1      | Reached XP level 3. HP: 23/23 MP: 3/3
  1356 | D:2      | Reached ** piety under Trog
  1356 | D:2      | Reached XP level 4. HP: 28/28 MP: 4/4
  1466 | D:2      | Found an ancient bone altar of Kikubaaqudgha.
  1728 | D:2      | Reached skill level 5 in Maces & Flails
  1859 | D:3      | Found a faded altar of an unknown god.
  1956 | D:3      | Reached XP level 5. HP: 32/32 MP: 5/5
  2052 | D:3      | Found a sparkling altar of Nemelex Xobeh.
  2131 | D:3      | Reached skill level 6 in Maces & Flails
  2174 | D:3      | Reached *** piety under Trog
  2469 | D:4      | Noticed an ogre
  2501 | D:4      | Killed an ogre
  2501 | D:4      | Reached XP level 6. HP: 32/37 MP: 6/6
  2566 | D:4      | Reached skill level 7 in Maces & Flails
  2962 | D:4      | Found a hazy altar of Hepliaklqana.
  3012 | D:5      | Entered Level 5 of the Dungeon
  3013 | D:5      | Found a radiant altar of Vehumet.
  3182 | D:5      | Reached XP level 7. HP: 43/43 MP: 7/7
  3343 | D:5      | Reached skill level 5 in Fighting
  3372 | D:5      | Killed from afar by an orc priest

Vault maps used:
D:1:      lightli_arrival_quake
D:2:      lemuel_crystal_altar, guppyfry_early_lair_pool
D:3:      nemelex_xobeh_ov_fountains_minmay, chequers_ecumenical_altar_simple
D:4:      nicolae_overflow_hidden_temple, first_bread
D:5:      overflow_temple_1_default, gammafunk_temple_overflow_elements

Skill      XL: |  1  2  3  4  5  6  7 |
---------------+----------------------+-----
Maces & Flails | 4 5 6 7 |  7.4
Fighting       | 4 5 |  5.4
Armour         | |  2.1
Dodging        | |  1.5

Action                   |  1- 3 |  4- 6 |  7- 9 || total
-------------------------+-------+-------+-------++-------
Melee: Mace              |   111 |    82 |       ||   193
       Flail             |       |   120 |    39 ||   159
Invok: Berserk           |       |     1 |       ||     1
 Abil: Evoke Flight      |       |       |     1 ||     1
  Use: Scroll            |     3 |    17 |       ||    20
  Eat: Chunk             |     2 |     6 |     1 ||     9
Armor: Leather armour    |     6 |       |       ||     6
       Animal skin       |     1 |       |       ||     1
       Scale mail        |    49 |       |       ||    49
       Chain mail        |       |   125 |    20 ||   145
Dodge: Dodged            |    70 |    76 |    17 ||   163
